 Dungeon Crawl Stone Soup version 0.16.2-12-gd0ad4c3 (webtiles) character file.

135 Luxac the Poker (level 4, -1/39 HPs)
             Began as a Minotaur Fighter on Oct 3, 2015.
             Slain by a gnoll
             ... wielding a +0 halberd
              (14 damage)
             ... on level 3 of the Dungeon.
             The game lasted 00:07:40 (2180 turns).

Luxac the Poker (Minotaur Fighter)                  Turns: 2180, Time: 00:07:40

Health: -1/39      AC:  9    Str: 22    XL:     4   Next: 96%
Magic:  0/2        EV:  7    Int:  5    God:
Gold:   77         SH:  0    Dex:  9    Spells: 0 memorised, 3 levels left

rFire  . . .     SeeInvis .     a - +0 trident
rCold  . . .     Clarity  .     f - +0 chain mail
rNeg   . . .     SustAb   .     (no shield)
rPois  .         Gourm    .     (helmet restricted)
rElec  .         Spirit   +     (no cloak)
rCorr  .         Warding  .     (no gloves)
rMut   .         Stasis   .     (no boots)
MR     .....                    h - amulet of guardian spirit
Stlth  ..........               n - ring of wizardry
                                l - ring of loudness (curse)

@: not resistant to hostile enchantments, extremely unstealthy
A: retaliatory headbutt, horns 2
a: no special abilities


You were on level 3 of the Dungeon.
You were not hungry.

You visited 1 branch of the dungeon, and saw 3 of its levels.

You collected 77 gold pieces.

Inventory:

Hand weapons
 a - a +0 trident (weapon)
Armour
 f - a +0 chain mail (worn)
Jewellery
 h - an amulet of guardian spirit (around neck)
 i - a cursed -4 ring of protection {unknown}
 l - a cursed ring of loudness (left hand)
 n - a ring of wizardry (right hand)
Magical devices
 p - a wand of frost (20)
Scrolls
 b - a scroll of random uselessness
 g - 2 scrolls of identify
 q - a scroll of fog {unknown}
Potions
 e - a potion of might
 j - a potion of curing {unknown}
 k - 2 potions of agility {unknown}
 o - a potion of cancellation {unknown}
Comestibles
 c - a slice of pizza
 d - 3 bread rations
 m - 2 fruits
 r - 13 chunks of flesh


   Skills:
 - Level 3.6 Fighting
 + Level 6.3 Polearms
 - Level 3.6 Armour
   Level 3.6 Shields


You had 3 spell levels left.
You didn't know any spells.

Dungeon Overview and Level Annotations

Branches:
Dungeon (3/15)

Altars:
Makhleb
Nemelex Xobeh
Zin


Innate Abilities, Weirdness & Mutations

You reflexively headbutt those who attack you in melee.
You have a pair of horns on your head.


Message History

The gnoll hits you but does no damage.
You hit the gnoll.
You kill the gnoll!
The gnoll hits you from afar with a halberd.
You hit the gnoll but do no damage. Your headbutt misses the gnoll.
The gnoll barely misses you.
You closely miss the gnoll. The gnoll hits you but does no damage.
The gnoll hits you from afar with a halberd!
Some of the chunks of flesh in your inventory have rotted away.
A jackal comes into view.
The jackal barks!
You hear a bark!
The gnoll hits you but does no damage.
Things that are here:
a whip; a gnoll corpse The gnoll hits you from afar with a halberd.
Sorry, you're not good enough to have a special ability.
You hit the gnoll.
The gnoll is lightly wounded.
The gnoll hits you with a halberd!
You die...

##.............##..
.........####..#..##
........#####......
.##.#....##....#.$###
.........##.........
.####...####...#..#
#####....##.....).#
.##............g#h#
.#....###.......@g#
.#...####..##..#...#
.#....#....##.###.##
.)...###...##.# #.#
#)....#....#..# #.#
.............## #..
...###....<.## ##$
...##(......# ..
...##.....### .


You could see 2 gnolls and a jackal.

Vanquished Creatures
  2 gnolls (D:3)
  3 adders
  4 worms
  A giant gecko (D:2)
  7 orcs (D:3)
  2 ball pythons
  8 goblins
  8 hobgoblins
  5 kobolds
  2 quokkas (D:2)
  2 bats
  5 giant cockroaches
  4 giant newts
  9 rats
62 creatures vanquished.

Notes
Turn   | Place    | Note
--------------------------------------------------------------
     0 | D:1      | Luxac, the Minotaur Fighter, began the quest for the Orb.
     0 | D:1      | Reached XP level 1. HP: 19/19 MP: 1/1
   150 | D:1      | Reached XP level 2. HP: 26/26 MP: 1/1
   483 | D:1      | Reached skill level 4 in Polearms
   548 | D:1      | Reached XP level 3. HP: 28/31 MP: 2/2
  1128 | D:2      | Found a sparkling altar of Nemelex Xobeh.
  1311 | D:2      | Found a glowing silver altar of Zin.
  1311 | D:2      | Found a burning altar of Makhleb.
  1312 | D:2      | Noticed a blizzard demon
  1312 | D:2      | Noticed an angel
  1440 | D:2      | Reached skill level 5 in Polearms
  1688 | D:2      | Reached XP level 4. HP: 28/39 MP: 1/2
  2159 | D:3      | Reached skill level 6 in Polearms
  2180 | D:3      | Slain by a gnoll

Action                   |  1- 3 |  4- 6 || total
-------------------------+-------+-------++-------
Melee: Trident           |   117 |    59 ||   176
  Use: Scroll            |     3 |       ||     3
  Eat: Chunk             |     1 |     3 ||     4
